Description

This build order is really powerful and hard to stop before GM league. You need to open with a Gate expand into DT drop. First units are stalker and adept (you can switch adept and stalker if the opponent keep his overlord hidden. After the DT drop, you start the +1 and charge and attack as soon have you have both with a strong Zealot/Immo/Archon timing Notes :

  • Stalker first if you see the first overlord going to your main base
  • Third base as soon as you start the warp prism
  • Don't take any gas on your third base
  • When you start droping the 4 DT : Forge + charge + Immortal production
  • Use your first DT as archon when detection is here

VOD

https://youtu.be/agXdDZ554iA

Replay - PvZ - 3 Base all-in ! Zealot / Immo / Archon

Build Order

Get SALT Encoding   

  12  0:01  Probe  
  13  0:13  Probe  
  14  0:22  Pylon, Probe  
  15  0:36  Probe  
  16  0:43  Gateway  
  16  0:48  Probe  
  16  0:49  Assimilator  
  17  0:57  Probe  
  18  1:05  Probe  
  19  1:12  Pylon  
  19  1:14  Probe  
  20  1:31  Nexus  
  20  1:40  Cybernetics Core  
  20  1:42  Probe  
  21  1:48  Assimilator  
  21  1:55  Probe  
  21  1:58  Pylon  
  22  2:06  Stalker  
  23  2:19  Warp Gate  
  26  2:36  Adept  
  30  2:49  Twilight Council  
  33  3:08  Robotics Facility  
  33  3:12  Adept  
  38  3:22  Pylon  
  38  3:29  Dark Shrine  
  41  3:46  Assimilator  
  42  3:54  Gateway x2  
  43  3:55  Warp Prism  
  43  4:00  Gateway  
  49  4:34  Nexus  
  49  4:37  Pylon  
  52  4:56  Dark Templar x4  
  60  5:02  Immortal  
  66  5:19  Forge  
  68  5:21  Archon x2  
  68  5:27  Assimilator  
  70  5:37  Immortal  
  79  6:06  Dark Templar x3  
  79  6:07  Protoss Ground Weapons Level 1  
  88  6:18  Gateway  
  88  6:22  Charge  
  88  6:25  Immortal  
  91  6:32  Gateway  
  98  6:48  Gateway, Zealot x4  
  106  6:59  Gateway x3, Immortal  
  106  7:12  Dark Templar  
  112  7:17  Zealot x3  
  112  7:20  Archon x2  
  118  7:33  Observer  
  118  7:38  Zealot x3  
  133  7:57  Dark Templar x2  
  135  8:03  Archon  
  155  8:42  Stalker x2  
Spawning Tool Build Advisor. Get it on Overwolf

Go to:

Details

  • Created by: zuka      
  • Published on: Nov 19, 2018
  • Patch: 4.0.0
Show
View Real Time Build Order
Export as new Build Order

Comments (0)

There are no comments. Be the first!

Create an account to comment!